 Dungeon Crawl Stone Soup version 0.20-a0-983-g35de22d (webtiles) character file.

263 M4edhros the Insei (level 5, -1/24 HPs)
             Began as a Spriggan Necromancer on Apr 10, 2017.
             Slain by an ogre
             ... wielding a +0 giant spiked club
              (19 damage)
             ... on level 5 of the Dungeon.
             The game lasted 00:08:57 (1467 turns).

M4edhros the Insei (Spriggan Necromancer)           Turns: 1467, Time: 00:08:58

Health: -1/24      AC:  2    Str:  5    XL:     5   Next: 97%
Magic:  1/10       EV: 24    Int: 16    God:
Gold:   133        SH:  3    Dex: 22    Spells: 5/9 levels left

rFire    . . .     SeeInvis +   e - +2 whip (elec)
rCold    . . .     Gourm    .   (shield restricted)
rNeg     . . .     Faith    .   a - +0 robe
rPois    .         Spirit   .   (helmet restricted)
rElec    .         Reflect  +   (no cloak)
rCorr    .         Harm     .   (gloves unavailable)
MR       .....                  (boots unavailable)
Stlth    ++++......             n - +3 amulet of reflection
Regen    1.1/turn               (no ring)
MPRegen  0.2/turn               (no ring)

@: agile, regenerating (expiring), very quick
A: unfitting armour, see invisible, herbivore 3, speed 3, slow metabolism 2
a: no special abilities


You were on level 5 of the Dungeon.
You were hungry.

You visited 1 branch of the dungeon, and saw 7 of its levels.

You collected 133 gold pieces.

Inventory:

Hand Weapons
 e - a +2 whip of electrocution (weapon)
Missiles
 k - 8 curare-tipped needles
Armour
 a - a +0 robe (worn)
Magical Staves
 i - an uncursed staff of power
Jewellery
 n - a +3 amulet of reflection (around neck)
Scrolls
 d - a scroll of identify
 j - 2 scrolls of remove curse
 l - 3 scrolls of teleportation
 o - a scroll of immolation {unknown}
Potions
 m - a potion of agility
Books
 b - a book of Necromancy

   Spells                             Type                      Level
   a - Pain                           Necromancy                   1
   b - Animate Skeleton               Necromancy                   1
   c - Vampiric Draining              Necromancy                   3
   d - Regeneration                   Charms/Necromancy            3
   e - Animate Dead                   Necromancy                   4
   f - Control Undead                 Necromancy                   4
Comestibles
 c - a bread ration
 f - 3 fruits


   Skills:
 - Level 3.0 Dodging
 - Level 3.0 Stealth
 * Level 4.1 Unarmed Combat
 - Level 2.6 Spellcasting
 * Level 4.0 Charms
 - Level 3.6 Necromancy


You had 5 spell levels left.
You knew the following spells:

 Your Spells              Type           Power        Failure   Level  Hunger
a - Pain                  Necr           ##..         6%          1    #......
b - Regeneration          Chrm/Necr      ##........   14%         3    ###....


Dungeon Overview and Level Annotations

Branches:
Dungeon (7/15)
 Temple: D:4-7

Altars:
Dithmenos
Makhleb
The Shining One

Shops:
D:7 =

Annotations:
D:2 Sigmund


Innate Abilities, Weirdness & Mutations

You are very small and have problems with some larger weapons.
You are too small for most types of armour.
You have supernaturally acute eyesight. (SInv)
You are a herbivore.
You cover ground extremely quickly.
You need consume almost no food.


Message History

j - 2 scrolls of remove curse You hit the ogre.
The ogre is lightly wounded.
The ogre completely misses you.
You hit the ogre.
The ogre is lightly wounded.
The ogre completely misses you.
You barely miss the ogre.
The ogre is lightly wounded.
The shadow imp gestures at you. You resist with significant effort.
The ogre closely misses you.
You hit the ogre.
The ogre is moderately wounded.
You are feeling hungry.
You hit the ogre.
The ogre is moderately wounded.
Your skin is crawling a little less now.
The ogre hits you with a giant spiked club!!
Ouch! That really hurt!
You die...

### #.. #.####
#.##.. #.##.# #
#.##.# #.
#.##.##.#
###.#.##5..@...#
....!...###O####
......#.# #5#
.##.# #.# #o# #
#.# #.# #. #.#
#.##.##
..##.##.###.....#
.........(.h.....
.........###.O..#


You could see an ogre, a hound, 2 shadow imps and an orc.

Vanquished Creatures
  Blork the orc (D:5)
  2 centaur skeletons (D:5)
  An iguana (D:6)
  2 worker ants
  4 adders
  An ooze (D:3)
  2 worms (D:2)
  2 dart slugs
  The ghost of M4edhros the Changer, a weakling SpTm (D:4)
  A leopard gecko (D:3)
  An orc (D:5)
  A giant cockroach (D:4)
  A goblin (D:3)
  A quokka (D:3)
  A rat (D:2)
22 creatures vanquished.

Notes
Turn   | Place    | Note
-------+----------+-------------------------------------------
     0 | D:1      | M4edhros the Spriggan Necromancer began the quest for the Orb.
     0 | D:1      | Reached XP level 1. HP: 9/9 MP: 5/5
    17 | D:2      | Found a burning altar of Makhleb.
   160 | D:2      | Reached skill level 1 in Unarmed Combat
   225 | D:2      | Noticed Sigmund
   237 | D:3      | Reached XP level 2. HP: 3/13 MP: 4/6
   321 | D:3      | Found a shadowy altar of Dithmenos.
   450 | D:3      | Reached XP level 3. HP: 2/16 MP: 8/8
   458 | D:3      | Learned a level 3 spell: Regeneration
   609 | D:4      | Reached XP level 4. HP: 12/21 MP: 6/9
   683 | D:4      | Noticed M4edhros's ghost (weakling SpTm)
   703 | D:4      | Killed M4edhros's ghost
   817 | D:5      | Entered Level 5 of the Dungeon
   824 | D:5      | Reached skill level 1 in Charms
   833 | D:5      | Noticed Blork the orc
   834 | D:5      | Found a glowing golden altar of the Shining One.
   862 | D:5      | Killed Blork the orc
   862 | D:5      | Reached XP level 5. HP: 24/24 MP: 10/10
   915 | D:5      | Noticed an orc warrior
  1091 | D:6      | Noticed an orc warrior
  1203 | D:7      | Noticed a phantom
  1324 | D:7      | Found Mozaduq's Jewellery Shop.
  1364 | D:6      | HP: 1/24 [orc priest/nerve-wracking pain (13)]
  1432 | D:5      | Noticed an ogre
  1467 | D:5      | Slain by an ogre

Vault maps used:
D:1:      minmay_arrival_semitransparent, minmay_tetromino_o2
D:2:      cheibrodos_fertilizer, bloody_makhleb, grunt_decor_resistance,
          uniq_sigmund
D:3:      lemuel_doored_altar, nicolae_dithmenos_shadow_blocks,
          uniq_crazy_yiuf_cottage
D:4:      first_bread
D:5:      tso_oasis_becter, okawaru_metal_pillars_1_2, uniq_blork_the_orc
D:6:      minmay_temple_entry_mist
D:7:      bloody_trog, serial_shops, shop, kennysheep_path_1, grunt_ogre_cave

Skill      XL: |  1  2  3  4  5 |
---------------+----------------+-----
Unarmed Combat | 1 2 3 4 |  4.1
Charms         | 3 4 |  4.0
Dodging        | |  3.0
Stealth        | |  3.0
Spellcasting   | |  2.6
Necromancy     | |  3.6

Action                   |  1- 3 |  4- 6 || total
-------------------------+-------+-------++-------
Melee: Whip              |     5 |    83 ||    88
       Unarmed           |       |    16 ||    16
       Punch             |       |     1 ||     1
 Cast: Pain              |    32 |     8 ||    40
       Regeneration      |     1 |    19 ||    20
  Use: Potion            |       |     3 ||     3
       Scroll            |       |     5 ||     5
 Stab: Sleeping          |     1 |     1 ||     2
  Eat: Royal jelly       |       |     1 ||     1
Armor: Robe              |       |     4 ||     4
Dodge: Dodged            |     6 |    74 ||    80
Block: Other             |       |    10 ||    10
